 Dungeon Crawl Stone Soup version 0.19.1-1-g22dce08 (webtiles) character file.

88 Oxelix the Chiller (level 4, -1/33 HPs)
             Began as a Draconian Ice Elementalist on Jan 6, 2017.
             Slain by Natasha (5 damage)
             ... on level 2 of the Dungeon.
             The game lasted 00:09:59 (2111 turns).

Oxelix the Chiller (Draconian Ice Elementalist)     Turns: 2111, Time: 00:09:59

Health: -1/33      AC:  5    Str: 10    XL:     4   Next: 30%
Magic:  6/8        EV: 12    Int: 16    God:
Gold:   36         SH:  0    Dex: 12    Spells: 3 memorised, 3 levels left

rFire  . . .     SeeInvis .     j - +2 hunting sling (freeze)
rCold  . . .     Gourm    .     (armour unavailable)
rNeg   . . .     Faith    .     (no shield)
rPois  .         Spirit   .     (helmet restricted)
rElec  .         Reflect  .     (no cloak)
rCorr  .         Harm     .     (no gloves)
MR     .....                    (no boots)
Stlth  ++........               (no amulet)
                                (no ring)
                                (no ring)

@: very slightly contaminated, slowed, invisible, very slow
A: unfitting armour, cold-blooded, AC +5
a: no special abilities


You were on level 2 of the Dungeon.
You were not hungry.

You visited 1 branch of the dungeon, and saw 2 of its levels.

You collected 36 gold pieces.

Inventory:

Hand Weapons
 j - a +2 hunting sling of freezing (weapon)
Missiles
 m - 29 stones (quivered)
Scrolls
 f - 3 scrolls of identify
 g - a scroll of magic mapping {unknown}
 h - a scroll of blinking {unknown}
 i - a scroll of fog {unknown}
 k - 2 scrolls of teleportation {unknown}
Potions
 d - 2 potions of might
 e - a potion of ambrosia
Books
 a - a book of Frost

   Spells                             Type                      Level
   a - Freeze                         Ice                          1
   b - Throw Frost                    Conjuration/Ice              2
   c - Ozocubu's Armour               Charms/Ice                   3
   d - Throw Icicle                   Conjuration/Ice              4
   e - Summon Ice Beast               Ice/Summoning                4
Comestibles
 b - 3 bread rations


   Skills:
 - Level 0.1 Slings
 - Level 1.7 Dodging
 - Level 1.7 Stealth
 + Level 3.2 Spellcasting
 + Level 1.0 Conjurations
 + Level 4.2 Ice Magic


You had 3 spell levels left.
You knew the following spells:

 Your Spells              Type           Power        Failure   Level  Hunger
a - Freeze                Ice            ###.         3%          1    None
b - Throw Frost           Conj/Ice       ##....       12%         2    ##.....
c - Ozocubu's Armour      Chrm/Ice       #.......     28%         3    ###....


Dungeon Overview and Level Annotations

Branches:
Dungeon (2/15)

Altars:

Annotations:
D:2 Natasha


Innate Abilities, Weirdness & Mutations

Your plain brown scales are hard. (AC +5)
You cannot fit into any form of body armour.
You are cold-blooded and may be slowed by cold attacks.


Message History

The gnoll misses you.
Natasha howls an incantation.
Natasha glows brightly for a moment.
Natasha claws you.
* * * LOW HITPOINT WARNING * * *
Natasha casts a spell at you. The magic dart hits you!
Okay, then.
You fade into invisibility!
The gnoll closely misses you. Natasha closely misses you.
You are very lightly contaminated with residual magic.
Natasha barely misses you.
Natasha wildly gestures.
Natasha's front paws start to glow.
Natasha stares at you and mumbles some strange words.
You feel as though you will be slow longer.
You see here a scroll labeled DINWO NUKHAA.
k - 2 scrolls labeled DINWO NUKHAA (gained 1) Natasha claws you but does no damage.
Natasha claws you.
You die...

#### #.# .....##.# #....#
####.# ### #.# #.. #.########
#.# #.##g.gg.# #.#
##.##g###h#### #####.#
##.........@..# #......
#.......##..#.# #########
##...#..##..# # ##P....#.#
#.###..#..##..#. ##......P.#
#.............#.# #.....P.P.#
#####..######.#.##############
##..# #.#.##.g.gg.g.(.(.
##...######.#.##.###########
##...........#.##.#....PP..P#


You could see Natasha and 3 gnolls.

Vanquished Creatures
  Ijyb (D:2)
  3 adders (D:2)
  A dart slug (D:2)
  3 giant cockroaches
  5 hobgoblins
  3 jackals
  A quokka (D:2)
  A ball python (D:1)
  2 frilled lizards (D:1)
  4 goblins
  6 kobolds
  3 rats
33 creatures vanquished.

Notes
Turn   | Place    | Note
-------+----------+-------------------------------------------
     0 | D:1      | Oxelix the Draconian Ice Elementalist began the quest for the Orb.
     0 | D:1      | Reached XP level 1. HP: 14/14 MP: 3/3
   468 | D:1      | Reached XP level 2. HP: 19/20 MP: 0/5
  1193 | D:2      | Reached XP level 3. HP: 10/26 MP: 0/6
  1615 | D:2      | Learned a level 2 spell: Throw Frost
  1619 | D:2      | Learned a level 3 spell: Ozocubu's Armour
  1620 | D:2      | Reached skill level 4 in Ice Magic
  1709 | D:2      | Noticed Ijyb
  1716 | D:2      | Killed Ijyb
  1819 | D:2      | Reached XP level 4. HP: 28/33 MP: 0/8
  2100 | D:2      | Noticed Natasha
  2111 | D:2      | Slain by Natasha

Skill      XL: |  1  2  3 |
---------------+----------+-----
Ice Magic      | 4 |  4.2
Spellcasting   | 3 |  3.2
Slings         | |  0.1
Dodging        | |  1.7
Stealth        | |  1.7
Conjurations   | |  1.0

Action                   |  1- 3 |  4- 6 || total
-------------------------+-------+-------++-------
Melee: Unarmed           |    14 |       ||    14
       Hunting sling     |     9 |       ||     9
       Tailslap          |     1 |       ||     1
 Fire: Hunting sling     |    27 |    16 ||    43
 Cast: Freeze            |    33 |     2 ||    35
       Throw Frost       |     5 |     6 ||    11
  Use: Potion            |     2 |     1 ||     3
       Scroll            |     2 |       ||     2
  Eat: Chunk             |     3 |     2 ||     5
Armor: Skin              |    23 |     3 ||    26
Dodge: Dodged            |    32 |    12 ||    44
